details: 'sheeeeiiit they randomly leave'

« prev index next »

General information

Mini Map

Players

team 1
Random» OrcMurrayChristmas (blue | 64 APM | 2277 actions | 35:30)
Hero icon 7 Blademaster
Ability icon 3 Wind Walk
Ability icon 3 Critical Strike
Ability icon 1 Bladestorm
Hero icon 5 Shadow Hunter
Ability icon 2 Hex
Ability icon 3 Healing Wave

» actions
Assign group hotkey37
Build / train88
Enter build submenu29
Enter hero's abilities submenu12
Give item / drop item4
Right click911
Select / deselect461
Select group hotkey577
Use ability158
2277 total
» units
Peon12
Wind Rider9
Troll Batrider18
Frost Wyrm1
40 total
» upgrades
Ranged Weapons3
Reinforced Defenses1
Liquid Fire1
Envenomed Spears1
Armor2
8 total
» buildings
Altar of Storms1
Orc Burrow5
Voodoo Lounge1
Stronghold3
War Mill1
Watch Tower15
Beastiary2
Fortress1
Spirit Tower4
Great Hall3
36 total
» build order
00:06 Altar of Storms
00:10 Orc Burrow
00:48 Voodoo Lounge
02:29 Stronghold
02:30 Stronghold
02:30 Stronghold
02:48 Orc Burrow
03:08 War Mill
03:22 Orc Burrow
04:29 Watch Tower
04:31 Watch Tower
04:34 Watch Tower
05:03 Beastiary
05:19 Beastiary
08:28 Fortress
08:30 Orc Burrow
09:00 Watch Tower
09:02 Watch Tower
12:37 Orc Burrow
16:09 Spirit Tower
16:30 Spirit Tower
16:32 Spirit Tower
17:11 Spirit Tower
17:40 Watch Tower
17:42 Watch Tower
17:55 Watch Tower
18:50 Watch Tower
18:59 Watch Tower
19:00 Watch Tower
20:13 Watch Tower
20:15 Watch Tower
21:40 Great Hall
21:47 Watch Tower
30:05 Watch Tower
31:21 Great Hall
35:16 Great Hall
» items
Healing Salve6
Lesser Clarity Potion7
Scroll of Town Portal3
Orb of Lightning1
17 total
NightElftactic (purple | 27 APM | 972 actions | 35:30)
Hero icon 5 Priestess of the Moon
Ability icon 3 Trueshot Aura
Ability icon 2 Searing Arrows
Hero icon 1 Keeper of the Grove
Ability icon 1 Entangling Roots

» actions
Assign group hotkey4
Build / train87
Enter build submenu33
Enter hero's abilities submenu6
Remove unit from queue8
Right click454
Select / deselect302
Use ability78
972 total
» units
Wisp38
Archer1
Huntress7
Hippogryph4
Gargoyle10
60 total
» upgrades
Strength of the Moon3
Moon Armor2
Ultravision1
Upgrade Moon Glaive1
Sentinel1
Well Spring1
9 total
» buildings
Ancient of War2
Hunter's Hall1
Altar of Elders1
Moon Well8
Tree of Ages1
Tree of Life13
Ancient of Wonders1
Tree of Eternity1
Ancient of Wind3
31 total
» build order
01:19 Ancient of War
01:21 Ancient of War
01:51 Hunter's Hall
01:54 Altar of Elders
01:59 Moon Well
02:19 Moon Well
02:32 Moon Well
04:12 Moon Well
06:14 Tree of Ages
07:46 Tree of Life
08:19 Moon Well
08:21 Moon Well
08:23 Moon Well
08:47 Ancient of Wonders
09:30 Tree of Eternity
11:33 Ancient of Wind
11:36 Ancient of Wind
11:38 Ancient of Wind
13:47 Moon Well
17:30 Tree of Life
21:51 Tree of Life
22:07 Tree of Life
22:14 Tree of Life
23:22 Tree of Life
24:36 Tree of Life
26:20 Tree of Life
30:08 Tree of Life
31:27 Tree of Life
31:32 Tree of Life
34:52 Tree of Life
35:13 Tree of Life
Random» UndeadMountainDEW. (teal | 32 APM | 500 actions | 15:33)
Hero icon 4 Dreadlord
Ability icon 2 Vampiric Aura
Ability icon 2 Sleep

» actions
Assign group hotkey7
Build / train39
Enter build submenu18
Enter hero's abilities submenu4
Give item / drop item1
Remove unit from queue1
Right click240
Select / deselect139
Select group hotkey19
Use ability32
500 total
» units
Acolyte7
Ghoul9
Frost Wyrm2
Gnoll Overseer1
Gargoyle6
25 total
» upgrades
Creature Attack3
Freezing Breath1
Creature Carapace1
5 total
» buildings
Crypt2
Ziggurat9
Altar of Darkness1
Halls of the Dead1
Graveyard1
Black Citadel1
Sacrificial Pit1
Boneyard3
Tomb of Relics1
20 total
» build order
00:22 Crypt
00:24 Ziggurat
00:46 Altar of Darkness
00:58 Crypt
01:44 Ziggurat
03:17 Ziggurat
03:41 Halls of the Dead
05:10 Ziggurat
05:42 Graveyard
06:02 Black Citadel
06:08 Sacrificial Pit
07:37 Ziggurat
07:38 Ziggurat
08:37 Boneyard
08:38 Boneyard
08:40 Boneyard
12:24 Ziggurat
12:25 Ziggurat
12:27 Ziggurat
12:50 Tomb of Relics
» items
Scroll of Town Portal1
1 total
HumanBlurpy (pink | 80 APM | 2850 actions | 35:31)
Hero icon 10 Archmage
Ability icon 3 Summon Water Elemental
Ability icon 3 Brilliance Aura
Ability icon 1 Mass Teleport
Ability icon 3 Blizzard

» actions
Assign group hotkey58
Basic commands167
Build / train136
Enter build submenu88
Enter hero's abilities submenu11
Give item / drop item3
Remove unit from queue6
Right click784
Select / deselect653
Select group hotkey710
Use ability234
2850 total
» units
Peasant13
Footman5
Goblin Shredder6
Dragonhawk Rider10
Knight11
Priest9
Sorceress-1
53 total
» upgrades
Masonry4
Swords3
Armor4
Animal War Training1
Cloud1
Plating3
Sorceress Training1
Priest Training2
Magic Sentry1
Gunpowder3
23 total
» buildings
Altar of Kings1
Barracks5
Farm10
Scout Tower75
Arcane Tower1
Arcane Vault2
Lumber Mill1
Keep1
Town Hall4
Guard Tower26
Castle1
Blacksmith2
Gryphon Aviary6
Arcane Sanctum2
Workshop3
140 total
» build order
00:37 Altar of Kings
00:38 Barracks
00:50 Farm
00:50 Farm
01:04 Farm
01:33 Farm
02:00 Scout Tower
02:41 Arcane Tower
03:37 Arcane Vault
04:01 Lumber Mill
04:04 Keep
04:46 Town Hall
06:42 Scout Tower
06:43 Scout Tower
06:43 Scout Tower
06:44 Scout Tower
06:46 Scout Tower
06:47 Scout Tower
06:47 Scout Tower
06:48 Scout Tower
06:49 Scout Tower
06:49 Scout Tower
07:25 Scout Tower
07:26 Scout Tower
07:27 Scout Tower
07:31 Guard Tower
07:51 Scout Tower
07:53 Scout Tower
07:55 Scout Tower
07:57 Scout Tower
08:00 Scout Tower
08:04 Scout Tower
08:08 Scout Tower
08:19 Guard Tower
08:20 Guard Tower
08:23 Guard Tower
09:17 Castle
09:55 Town Hall
09:58 Scout Tower
09:59 Scout Tower
09:59 Scout Tower
10:00 Scout Tower
10:01 Scout Tower
10:02 Scout Tower
10:02 Scout Tower
10:03 Scout Tower
10:03 Scout Tower
10:04 Scout Tower
10:04 Scout Tower
10:05 Scout Tower
10:09 Arcane Vault
10:21 Guard Tower
10:39 Guard Tower
10:51 Guard Tower
11:20 Guard Tower
11:29 Guard Tower
11:30 Guard Tower
11:32 Guard Tower
12:06 Guard Tower
12:24 Scout Tower
12:24 Scout Tower
12:31 Scout Tower
12:31 Scout Tower
12:34 Scout Tower
12:35 Scout Tower
12:36 Scout Tower
12:37 Scout Tower
12:38 Scout Tower
12:39 Scout Tower
12:42 Scout Tower
12:44 Scout Tower
12:45 Scout Tower
13:44 Scout Tower
13:45 Scout Tower
13:45 Scout Tower
13:46 Scout Tower
13:46 Scout Tower
13:47 Scout Tower
13:47 Scout Tower
13:49 Scout Tower
13:50 Scout Tower
13:51 Scout Tower
13:57 Guard Tower
14:04 Blacksmith
14:07 Blacksmith
14:27 Gryphon Aviary
14:30 Gryphon Aviary
14:32 Gryphon Aviary
14:33 Gryphon Aviary
14:45 Guard Tower
14:50 Guard Tower
15:04 Guard Tower
15:08 Scout Tower
15:10 Scout Tower
15:12 Scout Tower
15:14 Scout Tower
15:16 Scout Tower
15:24 Scout Tower
15:24 Scout Tower
15:24 Scout Tower
15:25 Scout Tower
15:26 Scout Tower
15:26 Scout Tower
15:26 Scout Tower
15:27 Scout Tower
15:28 Scout Tower
15:59 Guard Tower
16:12 Guard Tower
16:15 Farm
16:17 Farm
16:18 Farm
16:21 Guard Tower
16:25 Farm
16:26 Farm
16:29 Farm
16:33 Guard Tower
16:49 Guard Tower
18:55 Guard Tower
18:55 Guard Tower
18:58 Guard Tower
19:26 Barracks
19:28 Barracks
21:50 Arcane Sanctum
21:52 Arcane Sanctum
24:14 Workshop
24:15 Workshop
24:15 Workshop
28:58 Barracks
28:58 Barracks
29:29 Town Hall
32:14 Town Hall
33:04 Scout Tower
33:04 Scout Tower
33:04 Scout Tower
33:06 Scout Tower
33:07 Scout Tower
34:56 Guard Tower
35:23 Gryphon Aviary
35:25 Gryphon Aviary
» items
Scroll of Regeneration5
Mechanical Critter4
Scroll of Town Portal3
Lesser Clarity Potion1
Staff of Sanctuary1
14 total
team 2
Random» UndeadDead.Dragon (yellow | 56 APM | 1983 actions | 35:27)
Hero icon 3 Crypt Lord
Ability icon 2 Carrion Beetles
Ability icon 1 Spiked Carapace
Hero icon 6 Death Knight
Ability icon 3 Death Coil
Ability icon 2 Unholy Aura
Ability icon 1 Animate Dead

» actions
Basic commands3
Build / train104
Enter build submenu40
Enter hero's abilities submenu9
Remove unit from queue2
Right click1165
Select / deselect572
Use ability88
1983 total
» units
Acolyte27
Ghoul19
Crypt Fiend1
Frost Wyrm11
Meatwagon3
61 total
» upgrades
Creature Attack3
Creature Carapace3
Freezing Breath1
Ghoul Frenzy1
Unholy Strength1
9 total
» buildings
Crypt1
Graveyard1
Altar of Darkness2
Ziggurat16
Tomb of Relics2
Nerubian Tower2
Halls of the Dead1
Spirit Tower6
Black Citadel1
Sacrificial Pit1
Boneyard3
Necropolis4
Slaughterhouse3
43 total
» build order
00:09 Crypt
00:11 Graveyard
00:42 Altar of Darkness
00:51 Altar of Darkness
01:01 Ziggurat
01:07 Ziggurat
01:38 Tomb of Relics
01:58 Tomb of Relics
02:16 Nerubian Tower
02:21 Ziggurat
02:25 Nerubian Tower
02:30 Halls of the Dead
02:56 Ziggurat
03:06 Ziggurat
03:56 Ziggurat
04:15 Spirit Tower
04:20 Spirit Tower
05:06 Black Citadel
05:16 Sacrificial Pit
05:54 Ziggurat
05:56 Ziggurat
05:58 Ziggurat
07:28 Boneyard
07:30 Boneyard
07:38 Boneyard
10:56 Necropolis
12:28 Ziggurat
12:30 Ziggurat
12:39 Ziggurat
12:41 Ziggurat
13:24 Spirit Tower
14:57 Spirit Tower
19:00 Necropolis
20:30 Slaughterhouse
20:35 Slaughterhouse
20:42 Slaughterhouse
20:52 Necropolis
20:55 Ziggurat
20:56 Ziggurat
20:58 Ziggurat
22:08 Spirit Tower
22:54 Necropolis
24:56 Spirit Tower
» items
Dust of Appearance2
Rod of Necromancy2
Orb of Corruption1
Scroll of Town Portal3
8 total
UndeadCHRONICjOKE (red | 51 APM | 21 actions | 00:24)

» actions
Build / train1
Enter build submenu3
Right click10
Select / deselect4
Use ability3
21 total
» units
Acolyte1
1 total
» buildings
Graveyard1
Crypt2
3 total
» build order
00:10 Graveyard
00:12 Crypt
00:14 Crypt
HumanTaxCollector (green | 0 APM | 0 actions | 00:19)
Random» OrcNBA (orange | 104 APM | 3700 actions | 35:30)
Hero icon 8 Blademaster
Ability icon 2 Wind Walk
Ability icon 3 Critical Strike
Ability icon 1 Bladestorm
Ability icon 2 Mirror Image
Hero icon 8 Archmage
Ability icon 3 Summon Water Elemental
Ability icon 3 Brilliance Aura
Ability icon 1 Blizzard
Ability icon 1 Mass Teleport
Hero icon 4 Crypt Lord
Ability icon 2 Spiked Carapace
Ability icon 1 Locust Swarm
Ability icon 1 Impale

» actions
Assign group hotkey57
Basic commands1
Build / train152
Enter build submenu58
Enter hero's abilities submenu21
Give item / drop item1
Remove unit from queue4
Right click1510
Select / deselect674
Select group hotkey1070
Use ability152
3700 total
» units
Peon18
Peasant10
Footman2
Grunt3
Rifleman21
Priest8
Sorceress6
Tauren8
Shaman12
Troll Batrider6
Siege Engine2
96 total
» upgrades
Gunpowder3
Masonry2
Melee Weapons3
Armor4
Shaman Training2
Long Rifles1
Pulverize1
Spiked Barricades2
Plating1
Ranged Weapons2
Barrage1
22 total
» buildings
Altar of Storms1
Orc Burrow9
Altar of Kings1
Barracks3
Farm12
Voodoo Lounge1
Blacksmith1
Scout Tower3
Stronghold1
Arcane Tower1
Lumber Mill1
War Mill1
Keep1
Fortress1
Spirit Lodge1
Guard Tower2
Watch Tower8
Great Hall3
Arcane Sanctum1
Tauren Totem1
Castle1
Workshop2
Beastiary2
Arcane Vault1
59 total
» build order
00:11 Altar of Storms
00:21 Orc Burrow
00:31 Altar of Kings
00:46 Barracks
01:05 Farm
01:12 Barracks
01:37 Orc Burrow
01:45 Farm
01:55 Voodoo Lounge
02:05 Farm
02:28 Blacksmith
02:45 Scout Tower
02:54 Stronghold
03:05 Farm
03:17 Arcane Tower
03:22 Lumber Mill
04:17 War Mill
04:54 Keep
05:13 Scout Tower
05:19 Fortress
05:20 Spirit Lodge
05:28 Orc Burrow
05:48 Guard Tower
05:49 Farm
06:17 Watch Tower
06:23 Watch Tower
06:25 Orc Burrow
06:31 Scout Tower
07:25 Great Hall
07:46 Arcane Sanctum
07:49 Farm
08:23 Guard Tower
08:24 Farm
08:36 Tauren Totem
09:11 Orc Burrow
10:33 Orc Burrow
11:07 Farm
11:07 Farm
12:56 Farm
13:34 Orc Burrow
16:59 Watch Tower
17:00 Watch Tower
17:01 Watch Tower
18:16 Watch Tower
18:17 Watch Tower
18:18 Watch Tower
18:59 Great Hall
19:52 Castle
19:54 Barracks
20:26 Orc Burrow
20:27 Orc Burrow
20:51 Farm
20:53 Farm
21:18 Workshop
22:09 Beastiary
23:37 Beastiary
23:54 Arcane Vault
24:02 Workshop
28:50 Great Hall
» items
Orb of Lightning1
1 total

Chat log

(00:15 / Allies) MountainDEW.: ty
(00:23 / Allies) tactic: np
(01:05 / All) MountainDEW.: leave :)
(01:55 / Allies) MountainDEW.: let it go
(02:03 / All) MountainDEW.: let her go

(03:18 / Allies) Blurpy: whoops

(05:00 / Allies) MountainDEW.: ty for suppor
(05:23 / Allies) MurrayChristmas: tower up
(05:25 / Allies) MurrayChristmas: they are about to hit
(06:22 / Allies) MurrayChristmas: not towering
(06:24 / Allies) MurrayChristmas: thats not smart

(08:43 / Allies) MountainDEW.: wood pls

(10:08 / Allies) MountainDEW.: gold pls

(12:17 / Allies) MountainDEW.: make onther uunits

(13:38 / Allies) MountainDEW.: meet?
(13:57 / Allies) MurrayChristmas: pink has no units
(14:05 / Allies) MountainDEW.: lol
(14:57 / Allies) MurrayChristmas: cant help
(15:00 / Allies) MurrayChristmas: we have no units to hit
(15:44 / Allies) Blurpy: hawks coming
(15:47 / All) Dead.Dragon: how was that cock?
(15:55 / Allies) MurrayChristmas: puprle
(15:56 / Allies) tactic: gg we lose tnx pink
(15:57 / Allies) MurrayChristmas: control teal
(15:59 / All) NBA: like u said gg
(16:04 / Allies) Blurpy: not over
(16:07 / Allies) Blurpy: hawks coming
(16:26 / Allies) tactic: i said gg

(17:39 / Allies) tactic: hahahahhahahahahahahaahh gg
(18:02 / Allies) tactic: pink u fucking goof cunt
(18:09 / Allies) Blurpy: why blue didn't tp?
(18:36 / Allies) Blurpy: we need meat for rifles
(18:39 / Allies) tactic: cause u fucking suck dick boitch hurry use tower fucking usless cunt
(18:42 / Allies) Blurpy: I got wyrms countered
(18:46 / Allies) Blurpy: lol
(19:10 / Allies) Blurpy: out
(19:12 / Allies) Blurpy: out
(19:12 / Allies) Blurpy: out
(19:13 / Allies) Blurpy: out
(19:14 / Allies) Blurpy: out
(19:15 / Allies) Blurpy: out
(19:15 / Allies) Blurpy: out
(19:46 / Allies) tactic: gg
(19:47 / Allies) MurrayChristmas: go gryph
(19:51 / Allies) MurrayChristmas: we dont need 30 hawks
(20:48 / Allies) tactic: pink ur a usless cunt wait till u see wat they have for u

(22:51 / Allies) tactic: they have 4 bases u lose dumb cunts
(22:57 / Allies) Blurpy: lol
(23:00 / Allies) MurrayChristmas: actually 4
(23:01 / Allies) MurrayChristmas: 3
(23:50 / Allies) tactic: all there
(24:10 / Allies) Blurpy: just don';t let them expand once I get level 6 thjey can't win

(25:29 / Allies) MurrayChristmas: tp?
(25:34 / Allies) Blurpy: yes

(27:49 / Allies) MurrayChristmas: leave exop
(27:50 / Allies) MurrayChristmas: for no
(27:51 / Allies) tactic: nice game fuck bois
(27:52 / Allies) MurrayChristmas: now
(28:05 / Allies) MurrayChristmas: get some knights
(28:16 / Allies) Blurpy: prevent expos

(33:33 / Allies) tactic: pink
(33:43 / Allies) tactic: keep uints together